 Dungeon Crawl Stone Soup version 0.29.1-1-gd02db6906a (console) character file.

Game seed: 3709808849141204379

1 sentinel the Digger (level 1, 0/14 HPs)
             Began as a Meteoran Earth Elementalist on Sept 30, 2022.
             Constricted to death by a ball python (1 damage)
             ... on level 1 of the Dungeon.
             The game lasted 00:00:01 (14 turns).

sentinel the Digger (Meteoran Earth Elementalist)     Turns: 14, Time: 00:00:01

Health: 0/14       AC:  2    Str:  9    XL:     1   Next: 28%
Magic:  0/5        EV:  9    Int: 16    God:
Gold:   0          SH:  0    Dex: 14    Spells: 4/5 levels left

rFire   . . .      SeeInvis .   (no weapon)
rCold   . . .      Faith    .   (no shield)
rNeg    . . .      Spirit   .   a - +0 robe
rPois   .          Reflect  .   (no helmet)
rElec   .          Harm     .   (no cloak)
rCorr   .          Rampage  .   (no gloves)
Will    .....                   (no boots)
Stlth   +.........              (no amulet)
HPRegen 0.04/turn               (no ring)
MPRegen 0.09/turn               (no ring)

@: glowing, constricted
A: sense surroundings 1, otherworldly, glowing, explore regen
a: no special abilities


You were on level 1 of the Dungeon.
You visited 1 branch of the dungeon, and saw 1 of its levels.

Inventory:

Armour
 a - a +0 robe (worn)
Potions
 b - a potion of magic


   Skills:
 - Level 2.4 Dodging
 - Level 1.4 Stealth
 - Level 2.6 Spellcasting
 - Level 1.2 Transmutations
 + Level 3.7 Earth Magic


You had 4 spell levels left.
You knew the following spells:

 Your Spells              Type           Power      Damage    Failure   Level
a - Sandblast             Erth           28%        2d8       4%          1

Your spell library contained the following spells:

 Spells                   Type           Power      Damage    Failure   Level
 Passwall                 Tmut/Erth      8%         N/A       11%         2
 Stone Arrow              Conj/Erth      16%        3d8       26%         3
 Petrify                  Tmut/Erth      10%        N/A       56%         4


Dungeon Overview and Level Annotations

Branches:
Dungeon (1/15) Zot: 582

Altars:


Innate Abilities, Weirdness & Mutations

You passively map a small area around you.
You are easily found by Zot.
You glow in the dark.
You regain HP and MP as you explore.


Message History

Welcome, sentinel the Meteoran Earth Elementalist.
You feel drawn to the Orb of Zot, downwards into the unfathomable depths...
Press ? for a list of commands and other information.
Found a staircase leading out of the dungeon.
Unknown command.
Unknown command.
Unknown command.
You open the door.
A quokka and a hobgoblin come into view.
The hobgoblin shouts!
There is an open door here.
Unknown command.
But you're not safe!
Unknown command.
But you're not safe!
Unknown command.
But you're not safe!
Unknown command.
But you're not safe!
Unknown command.
A ball python comes into view.
The blast of sand hits the quokka.
The quokka is almost dead.
The ball python hisses angrily.
The blast of sand hits the quokka!
You kill the quokka!
A bat comes into view.
Unknown command.
The blast of sand misses the hobgoblin.
A bat comes into view.
The hobgoblin closely misses you.
Unknown command.
The blast of sand hits the bat.
The bat is severely wounded.
The bat hits you but does no damage. The bat closely misses you.
The hobgoblin barely misses you. The bat hits you. x2
The hobgoblin closely misses you.
Unknown command.
The blast of sand misses the bat.
The bat hits you but does no damage. x2
The hobgoblin hits you.
Unknown command.
You closely miss the bat. The bat misses you. The hobgoblin hits you.
You closely miss the bat.
The bat is severely wounded.
The bat barely misses you. x2
The hobgoblin hits you but does no damage.
You are out of magic!
Unknown command.
You are out of magic!
Unknown command.
You are out of magic!
Unknown command.
You are out of magic!
Unknown command.
You barely miss the bat. The bat hits you but does no damage.
The hobgoblin hits you.
You closely miss the ball python. The hobgoblin barely misses you.
The ball python bites you. The ball python closely misses you.
The blast of sand misses the ball python.
The ball python bites you.
* * * LOW HITPOINT WARNING * * *
The ball python grabs you. The ball python constricts you.
You die...

* , ##...## ** ,
....... * , *
....... , , ,
,,, ....... * ,
, #######
....... #.....#
....... , , ^
#.....##Sb.....
, *
,+..<..'@gb.....
,
#.....###......
,#.....# ,##.#.
* * ####### , ,
, * * , * * * ,
, * * , *


You could see a hobgoblin, 2 bats and a ball python.

Vanquished Creatures
  A quokka (D:1)
1 creature vanquished.

Notes
Turn   | Place    | Note
-------+----------+-------------------------------------------
     0 | D:1      | sentinel the Meteoran Earth Elementalist began the quest
                  | for the Orb.
     0 | D:1      | Reached XP level 1. HP: 14/14 MP: 5/5
    14 | D:1      | Constricted to death by a ball python

Illustrated notes

Levels and vault maps discovered:
D:1:      minmay_arrival_checkered_box, layout_loops_cross, minmay_bisected

Action                   || total
-------------------------++-------
Melee: Unarmed           ||     4
 Cast: Sandblast         ||     6
Armor: Robe              ||     5
Dodge: Dodged            ||     9
